 Dungeon Crawl Stone Soup version 0.31-a0-1-g4198be8af4 (webtiles) character file.

Game seed: 1250117830000138516

37639 backslashecho the Thaumaturge (level 14, -4/94 HPs)
             Began as a Djinni Hedge Wizard on May 1, 2023.
             Was an Elder of Makhleb.
             Slain by a skyshark (23 damage)
             ... on level 4 of the Lair of Beasts.
             The game lasted 01:22:45 (19722 turns).

backslashecho the Thaumaturge (DjHW)               Turns: 19722, Time: 01:22:45

Health: -4/94      AC: 12    Str: 11    XL:     14   Next: 30%
Gold:   1081       EV: 16    Int: 30    God:    Makhleb [****..] SH:  5 Dex: 18

rFire   + + +        a - staff of fire "Vumum" {rF+ Will+}
rCold   . . .        (no shield)
rNeg    + + .        n - +1 leather armour {rC+}
rPois   ∞            I - +2 hat {Will+}
rElec   .            N - +4 cloak of Wasted Space {rN+ Will+ Int+5 SInv}
rCorr   +            V - +0 pair of fencer's gloves {Riposte Dex+3}
SInv    +            (boots unavailable)
Will    +++++        K - amulet of reflection
Stlth   +++          R - ring of Vatailli {Will+ Str+2 Int+6}
HPRegen 0.35/turn    f - ring "Wioxkaaw" {rF+ rN+ rCorr}
MPRegen 0.00/turn

%: reflection, infuse magic (-5 HP)
@: flying
A: sickness immunity, fire resistance 2, cold vulnerability 1, float, innate
caster, HP casting, extra vitality 1
a: Renounce Religion, Minor Destruction, Lesser Servant of Makhleb, Major
Destruction


You were on level 4 of the Lair of Beasts.
You worshipped Makhleb.
Makhleb was greatly pleased with you.
You visited 3 branches of the dungeon, and saw 16 of its levels.
You also visited: Bailey, Gauntlet and Volcano.

You collected 1151 gold pieces.
You spent 70 gold pieces at shops.

Inventory:

Hand Weapons
 b - a +9 demon trident
Missiles
 m - 44 poisoned darts (quivered)
 x - 6 throwing nets
 P - 4 curare-tipped darts
Armour
 n - a +1 leather armour of cold resistance (worn)
 I - a +2 hat of willpower (worn)
 N - the +4 cloak of Wasted Space (worn) {rN+ Will+ Int+5 SInv}
   (You found it in a Gauntlet)

   Int:       It affects your intelligence (+5).
   rN:        It protects you from negative energy.
   SInv:      It lets you see invisible.
   Will:      It increases your willpower.
 V - the +0 pair of fencer's gloves (worn) {Riposte Dex+3}
   (You found it in a Gauntlet)

   Riposte:   It allows the wearer to riposte with melee weapons, swiftly
   retaliating against missed or blocked melee attacks.
   Dex:       It affects your dexterity (+3).
Magical Staves
 a - the staff of fire "Vumum" (weapon) {rF+ Will+}
   (You found it on level 5 of the Dungeon)

   [staff of fire]

   Your inability to study Fire Magic prevents you from drawing on the full
   power of this staff in melee.
   Base accuracy: +5 Base damage: 5 Base attack delay: 1.2 This weapon's minimum
   attack delay (0.6) is reached at skill level 12.
   rF:        It protects you from fire.
   Will:      It increases your willpower.
   It falls into the 'Staves' category.
   It is a one-handed weapon.
Jewellery
 f - the ring "Wioxkaaw" (right hand) {rF+ rN+ rCorr}
   (You acquired it on level 8 of the Dungeon)

   [ring of protection from fire]

   rF:        It protects you from fire.
   rN:        It protects you from negative energy.
   rCorr:     It protects you from acid and corrosion.
 p - a ring of wizardry
 K - an amulet of reflection (around neck)
 R - the ring of Vatailli (left hand) {Will+ Str+2 Int+6}
   (You took it off a minotaur in a Gauntlet)

   [ring of intelligence]

   Str:       It affects your strength (+2).
   Int:       It affects your intelligence (+6).
   Will:      It increases your willpower.
 U - an amulet of the acrobat
Wands
 k - a wand of polymorph (6)
 o - a wand of acid (18)
 B - a wand of paralysis (10)
 C - a wand of roots (7)
 L - a wand of mindburst (8)
 Q - a wand of flame (20)
Scrolls
 i - 3 scrolls of enchant weapon
 l - 4 scrolls of fear
 r - 2 scrolls of enchant armour
 v - a scroll of teleportation
 y - a scroll of identify
 A - a scroll of fog
 F - 3 scrolls of blinking
 G - a scroll of butterflies
 H - a scroll of magic mapping
 J - a scroll of silence
Potions
 c - 7 potions of invisibility
 d - 7 potions of cancellation
 e - 4 potions of resistance
 g - 4 potions of brilliance
 h - 2 potions of heal wounds
 j - 6 potions of curing
 q - a potion of degeneration {unknown}
 s - 5 potions of might
 t - a potion of ambrosia
 u - 2 potions of mutation
 w - 6 potions of lignification
 z - 3 potions of flight
 D - 2 potions of magic
 E - 3 potions of haste
 M - a potion of berserk rage {unknown}


   Skills:
 - Level 6.0 Fighting
 - Level 8.0 Dodging
 - Level 5.0 Stealth
 + Level 14.9 Spellcasting
 + Level 9.6 Invocations


You knew the following spells:

 Your Spells              Type           Power      Damage    Failure   Level
a - Magic Dart            Conj           100%       1d8       0%          1
b - Blink                 Tloc           100%       N/A       0%          2
c - Scorch                Fire           100%       2d9       0%          2
d - Call Imp              Summ           100%       N/A       0%          2
e - Mephitic Cloud        Conj/Pois/Air  84%        N/A       1%          3
f - Apportation           Tloc           100%       N/A       0%          1
g - Slow                  Hex            100%       N/A       0%          1
h - Call Canine Familiar  Summ           84%        N/A       1%          3
i - Spider Form           Tmut/Pois      84%        N/A       1%          3
j - Metabolic Englaciati  Hex/Ice        42%        N/A       1%          5
k - Agony                 Necr           84%        N/A       1%          5
Your spell library was empty.

Dungeon Overview and Level Annotations

Branches:
Dungeon (11/15)            Temple (1/1) D:7            Lair (4/5) D:10
  Swamp (0/4) Lair:2       Spider (0/4) Lair:3          Orc (0/2) D:10
 Bailey (visited)         Volcano (visited)         Gauntlet (visited)
  Slime: Lair:4-5

Altars:
Ashenzari
Cheibriados
Dithmenos
Elyvilon
Fedhas
Gozag
Hepliaklqana
Makhleb
Nemelex Xobeh
Okawaru
Qazlal
Ru
Trog
Uskayaw
Wu Jian
Xom
Yredelemnul
Zin
The Shining One

Shops:
D:4 ?   D:5 !

Annotations:
Lair:4 1 exclusion


Innate Abilities, Weirdness & Mutations

You are immune to sickness and miasma.
You are immune to poison.
Your flesh is very heat resistant. (rF++)
You are vulnerable to cold. (rC-)
You float through the air rather than walking.
You learn spells naturally, not from books.
Your magical power is your life essence.
You have superior vitality. (+4 MHP)


Message History

The skyshark barely misses you.
Casting: Scorch (safe; 0% risk of failure)
Confirm with . or Enter, or press ? or * to list all spells.
You feel a surge of power!
Flames lash the skyshark but do no damage.
The skyshark is no longer more vulnerable to fire.
The skyshark misses you.
You riposte.
You barely miss the skyshark.
The skyshark is almost dead.
The skyshark tail-slaps you!
* * * LOW HITPOINT WARNING * * *
The skyshark tail-slaps you.
* * * LOW HITPOINT WARNING * * *
The dream sheep is engulfed in noxious fumes.
The dream sheep appears confused.
You take 18 damage, and have 14/94 hp.
You feel much better. The skyshark bites you.
* * * LOW HITPOINT WARNING * * *
The skyshark tail-slaps you but does no damage.
The skyshark barely misses you. The skyshark bites you.
* * * LOW HITPOINT WARNING * * *
The skyshark tail-slaps you but does no damage. x2
The dream sheep bites the skyshark but does no damage.
You regained 10 hp, and now have 24/94 hp.
Casting: Scorch (safe; 0% risk of failure)
Confirm with . or Enter, or press ? or * to list all spells.
You feel a surge of power!
Flames lash the dream sheep.
The dream sheep is burned terribly!
You kill the dream sheep!
Makhleb accepts your kill.
* * * LOW HITPOINT WARNING * * *
You block the skyshark's attack. The skyshark closely misses you.
You block the skyshark's attack.
The dream sheep barely misses the skyshark.
You take 1 damage, and have 23/94 hp.
A demon appears!
You can no longer summon a greater servant of Makhleb.
The skyshark closely misses you.
You riposte.
You hit the skyshark.
The skyshark is almost dead.
The skyshark misses you. x2; The skyshark bites you!!
You die...

######## #..#P#.##
##.......# ###
#........### ..####
#..........##Y....##
##.......#.YY†......
##.....3.lY####.##.#
#.......@###
##.......#
#.##....P#
####P.P### #..##
##.# #..# #..#
##'###


You could see a skyshark (berserk, ally target), 4 dream sheep and a friendly
neqoxec (summoned).

Vanquished Creatures
  A red draconian (Volcano)
  A minotaur (Gauntlet)
  A dire elephant (Gauntlet)
  A centaur warrior (Volcano)
  A two-headed ogre (D:8)
  Urug (D:10)
  3 orc knights (Bailey)
  A cyclops (D:11)
  8 elephants
  Maurice (D:8)
  2 black mambas
  Maggie (D:8)
  3 cane toads
  An unseen horror (D:10)
  A kobold demonologist (D:9)
  4 komodo dragons
  A yaktaur (Volcano)
  5 trolls
  8 blink frogs
  2 hornets
  2 dream sheep (Lair:4)
  6 shadows
  A ynoxinul (Gauntlet)
  6 spriggans (Lair:2)
  A wraith (D:10)
  29 yaks
  4 wyverns
  2 steam dragons (D:9)
  2 basilisks (D:10)
  An acid dragon (D:11)
  6 water moccasins
  5 orc warriors
  An ice beast (D:7)
  13 wolves
  5 centaurs (Volcano)
  A kobold brigand (D:9)
  6 bullfrogs
  4 scorpions
  5 gnoll sergeants
  8 wights
  7 killer bees (D:9)
  An electric eel (D:7)
  5 howler monkeys (D:9)
  5 hounds
  3 orc priests
  6 gnoll boudas
  4 iguanas
  A sleepcap (D:6)
  7 orc wizards
  25 gnolls
  4 adders
  4 white imps
  2 ufetubi
  2 dart slugs
  31 orcs
  3 bats
  10 endoplasms
  2 giant cockroaches
  6 goblins
  9 hobgoblins
  A jackal (D:5)
  2 quokkas
  5 ball pythons
  2 frilled lizards (D:1)
  8 kobolds
  5 rats
315 creatures vanquished.

Vanquished Creatures (collateral kills)
  Gastronok (D:10)
  A hydra (Lair:3)
  A two-headed ogre (D:9)
  An orc knight (Bailey)
  An elephant (Lair:3)
  A cane toad (Lair:1)
  A polar bear (Lair:2)
  3 blink frogs
  2 wraiths
  A wyvern (D:10)
  15 yaks
  A basilisk (Lair:3)
  2 vampire mosquitoes (D:11)
  5 orc warriors
  2 sky beasts
  A black bear (D:5)
  2 wolves (Lair:2)
  2 kobold brigands (D:10)
  A phantom (D:6)
  2 bullfrogs
  2 gnoll sergeants (D:5)
  4 wights
  2 jellies
  A killer bee (D:9)
  A hound (D:5)
  2 iron imps (Gauntlet)
  3 orc wizards
  7 gnolls
  10 orcs
  3 jackals (D:5)
  5 kobolds
  A butterfly (Lair:3)
87 creatures vanquished.

Vanquished Creatures (others)
  A gnoll (D:6)
  2 bushes (D:10)
  2 foxfires (Lair:2)
  29 fungi
  56 plants
  A withered plant (Gauntlet)
91 creatures vanquished.

Grand Total: 493 creatures vanquished

Notes
Turn   | Place    | Note
-------+----------+-------------------------------------------
     0 | D:1      | backslashecho the Djinni Hedge Wizard began the quest for
                  | the Orb.
     0 | D:1      | backslashecho set off with the following spells memorised:
                  | Magic Dart, Slow, Blink, Call Imp, Mephitic Cloud.
     0 | D:1      | Reached XP level 1. HP: 15/15 MP: 0/0
   111 | D:1      | Reached XP level 2. HP: 20/22 MP: 0/0
   306 | D:1      | Reached skill level 1 in Fighting
   398 | D:1      | Reached XP level 3. HP: 24/27 MP: 0/0
   398 | D:1      | Learned a level 1 spell: Apportation
   429 | D:1      | Found a faded altar of an unknown god.
   436 | D:1      | Reached skill level 3 in Spellcasting
   983 | D:2      | Found a shimmering altar of Xom.
  1415 | D:3      | Reached XP level 4. HP: 22/32 MP: 0/0
  1706 | D:3      | Reached XP level 5. HP: 37/38 MP: 0/0
  1706 | D:3      | Learned a level 2 spell: Scorch
  2419 | D:4      | Reached skill level 4 in Spellcasting
  2574 | D:4      | Noticed a yak
  2574 | D:4      | Noticed a yak
  2574 | D:4      | Noticed a yak
  2575 | D:4      | Noticed a yak
  2587 | D:4      | Noticed a yak
  2591 | D:4      | Noticed a yak
  2612 | D:4      | Killed a yak
  2613 | D:4      | Reached XP level 6. HP: 18/46 MP: 0/0
  2613 | D:4      | Killed a yak
  2614 | D:4      | Reached skill level 5 in Spellcasting
  2614 | D:4      | Reached XP level 7. HP: 21/51 MP: 0/0
  2614 | D:4      | Learned a level 3 spell: Call Canine Familiar
  2621 | D:4      | Killed a yak
  2823 | D:4      | Found Suxic's Magic Scroll Boutique.
  3075 | D:4      | Reached XP level 8. HP: 52/58 MP: 0/0
  3396 | D:4      | Killed a yak
  3397 | D:4      | Reached skill level 6 in Spellcasting
  3516 | D:4      | Killed a yak
  3517 | D:4      | Reached skill level 5 in Fighting
  3625 | D:4      | Killed a yak
  3980 | D:5      | Entered Level 5 of the Dungeon
  4379 | D:5      | Identified the staff of fire "Vumum" {rF+ Will+}
  4497 | D:5      | Reached skill level 7 in Spellcasting
  4497 | D:5      | Reached XP level 9. HP: 44/66 MP: 0/0
  4497 | D:5      | Learned a level 3 spell: Spider Form
  5469 | D:5      | Found Qymafala's Distillery.
  5481 | D:5      | Reached skill level 8 in Spellcasting
  5498 | D:5      | Bought a potion of heal wounds for 70 gold pieces
  6054 | D:6      | Reached XP level 10. HP: 68/72 MP: 0/0
  6848 | D:7      | Reached skill level 9 in Spellcasting
  7097 | D:7      | Reached skill level 5 in Stealth
  7130 | D:7      | Found a staircase to the Ecumenical Temple.
  7157 | Temple   | Entered the Ecumenical Temple
  7285 | Temple   | Became a worshipper of Makhleb the Destroyer
  7958 | D:8      | Noticed a two-headed ogre
  7975 | D:8      | Found a flagged portal.
  7976 | D:8      | Killed a two-headed ogre
  8054 | Bailey   | Entered a bailey
  8288 | Bailey   | Noticed an orc knight
  8288 | Bailey   | Noticed an orc knight
  8291 | Bailey   | Reached * piety under Makhleb
  8305 | Bailey   | Noticed an orc knight
  8320 | Bailey   | Killed an orc knight
  8321 | Bailey   | Reached skill level 10 in Spellcasting
  8339 | Bailey   | Killed an orc knight
  8340 | Bailey   | Reached XP level 11. HP: 10/76 MP: 0/0
  8340 | Bailey   | Learned a level 5 spell: Metabolic Englaciation
  8373 | Bailey   | Killed an orc knight
  8374 | Bailey   | Reached skill level 5 in Dodging
  8556 | Bailey   | Noticed an orc knight
  8577 | Bailey   | Killed an orc knight
  8821 | D:8      | Acquired the ring "Wioxkaaw" {rF+ rN+ rCorr}
  9168 | D:8      | Noticed Maurice
  9180 | D:8      | Killed Maurice
  9243 | D:8      | Noticed Maggie
  9258 | D:8      | Killed Maggie
  9259 | D:8      | Reached skill level 11 in Spellcasting
  9622 | D:8      | Found an ornate altar of the Wu Jian Council.
  9994 | D:9      | Acquired the +1 pair of gloves "Weosmofu" {rCorr Int+3}
 10203 | D:9      | Noticed a two-headed ogre
 10212 | D:9      | Killed a two-headed ogre
 10423 | D:9      | Reached XP level 12. HP: 76/83 MP: 0/0
 10748 | D:9      | Reached ** piety under Makhleb
 10924 | D:9      | Found a sacrificial altar of Ru.
 11009 | D:9      | Identified the +0 rapier "Zugu" {heavy, *Corrode rElec MP+9
                  | Int-2}
 11271 | D:10     | Entered Level 10 of the Dungeon
 11370 | D:10     | Reached skill level 12 in Spellcasting
 11800 | D:10     | Noticed Urug
 11817 | D:10     | Killed Urug
 12228 | D:10     | Found a staircase to the Lair.
 12266 | D:10     | Noticed Gastronok
 12275 | D:10     | Killed Gastronok
 12276 | D:10     | Reached skill level 13 in Spellcasting
 12502 | D:10     | Found a staircase to the Orcish Mines.
 12697 | D:10     | Found a hazy altar of Hepliaklqana.
 13064 | D:11     | Reached skill level 1 in Invocations
 13593 | D:11     | Reached *** piety under Makhleb
 13598 | D:11     | Reached XP level 13. HP: 68/87 MP: 0/0
 13598 | D:11     | Learned a level 5 spell: Agony
 13964 | Lair:1   | Entered Level 1 of the Lair of Beasts
 13990 | Lair:1   | Found a dark tunnel.
 13995 | Volcano  | Entered a volcano
 14038 | Volcano  | Noticed a centaur warrior
 14041 | Volcano  | Found a burning altar of Makhleb.
 14042 | Volcano  | Noticed a red draconian
 14046 | Volcano  | Killed a centaur warrior
 14252 | Volcano  | Killed a red draconian
 14253 | Volcano  | Reached skill level 5 in Invocations
 15334 | Lair:1   | Reached skill level 14 in Spellcasting
 15340 | Lair:1   | Reached **** piety under Makhleb
 16015 | Lair:2   | Found a gate leading to a gauntlet.
 16021 | Gauntlet | Entered a Gauntlet
 16021 | Gauntlet | Found a transporter.
 16125 | Gauntlet | Found a transporter.
 16127 | Gauntlet | Found a transporter.
 16141 | Gauntlet | Found a transporter.
 16152 | Gauntlet | Found a transporter.
 16170 | Gauntlet | Found a transporter.
 16182 | Gauntlet | Found a transporter.
 16192 | Gauntlet | Noticed a dire elephant
 16193 | Gauntlet | Found a transporter.
 16215 | Gauntlet | Found a transporter.
 16227 | Gauntlet | Found a transporter.
 16227 | Gauntlet | Found a transporter.
 16273 | Gauntlet | Found a transporter.
 16288 | Gauntlet | Found a transporter.
 16323 | Gauntlet | Found a transporter.
 16725 | Gauntlet | Identified the +7 trident "Ofrodotu" {protect, rC- Dex+3
                  | SInv}
 17235 | Gauntlet | Identified the +4 cloak of Wasted Space {rN+ Will+ Int+5
                  | SInv}
 17246 | Gauntlet | Killed a dire elephant
 17385 | Gauntlet | Identified the ring of Vatailli {Will+ Str+2 Int+6}
 17385 | Gauntlet | Noticed a minotaur
 17401 | Gauntlet | Killed a minotaur
 17412 | Gauntlet | Found the +0 pair of fencer's gloves {Riposte Dex+3}
 17506 | Lair:2   | Found a staircase to the Swamp.
 18337 | Lair:3   | Reached XP level 14. HP: 91/94 MP: 0/0
 18535 | Lair:3   | Reached ***** piety under Makhleb
 18754 | Lair:3   | Found a hole to the Spider Nest.
 19722 | Lair:4   | Slain by a skyshark

Illustrated notes

Levels and vault maps discovered:
D:1:      dpeg_arrival_boxorama, layout_loops_ring,
          hellmonk_ecumenical_altar_pennies_from_heaven
D:2:      layout_rooms, basic_altar
D:3:      layout_basic
D:4:      layout_gridville, serial_shops, nicolae_shop_rolled_up,
          feat_on_display
D:5:      layout_cave_pools, serial_shops, shop, serial_gnoll_camp,
          gnoll_camp_mini_hut, gnoll_camp_mini_house, gnoll_camp_mini_hut,
          gnoll_camp_mini_basic, gnoll_camp_huts_basic, gnoll_camp_medium_02
D:6:      layout_basic, corexii_checkpoint_a
D:7:      layout_basic, minmay_temple_entry_nine_rooms, nicolae_water_bricks,
          minivault_5, minmay_splitting_lines
D:8:      layout_basic, nicolae_vehumet_radiance,
          pdpol_wu_jian_five_deadly_venoms, enter_bailey_2, uniq_maurice,
          uniq_maggie
D:9:      kennysheep_steamy, layout_small_grid, nicolae_ru_sacrificial_ziggurat,
          minmay_alternating_orb
D:10:     layout_roguey, lemuel_coloured_pillars_altar, minmay_lair_entry_grove,
          orc_0_dummy, uniq_urug, uniq_gastronok
D:11:     layout_cave_pools
Temple:   regret_index_temple_mists
Lair:1:   layout_regular_city, enter_volcano_4, chequers_serial_rivers_marsh,
          lemuel_fruit_fields
Lair:2:   layout_roguey, minmay_swamp_entry_wisps, gauntlet_entry_generic,
          wad_woods_01
Lair:3:   layout_roguey, spider_nest_entry_web_field, basic_altar,
          lemuel_fruit_fields
Lair:4:   layout_roguey, st_stairs_8, chequers_serial_rivers_micro_e,
          grunt_megastairs_1

Skill      XL: |  1  2  3  4  5  6  7  8  9 10 11 12 13 14 |
---------------+-------------------------------------------+-----
Fighting       | 1 2 3 4 5 6 |  6.0
Spellcasting   | 3 4 5 7 8 10 11 13 14 | 14.9
Stealth        | 4 5 |  5.0
Dodging        | 4 7 8 |  8.0
Invocations    | 3 8 9 |  9.6

Action                     |  1- 3 |  4- 6 |  7- 9 | 10-12 | 13-15 || total
---------------------------+-------+-------+-------+-------+-------++-------
  Melee: Dagger            |     8 |     4 |    27 |       |       ||    39
         Punch             |       |       |     2 |       |       ||     2
         Staff             |       |       |     5 |       |     1 ||     6
         Demon trident     |       |       |       |       |     3 ||     3
  Throw: Dart              |       |       |       |     3 |       ||     3
   Cast: Magic Dart        |    86 |    52 |   186 |    58 |    18 ||   400
         Mephitic Cloud    |     1 |     5 |    25 |    52 |    44 ||   127
         Call Imp          |       |     5 |    15 |    21 |    11 ||    52
         Scorch            |       |     2 |    50 |   333 |   236 ||   621
         Call Canine Famil |       |       |     8 |    31 |    27 ||    66
         Slow              |       |       |     2 |       |       ||     2
         Agony             |       |       |       |       |     1 ||     1
 Invoke: Lesser Servant of |       |       |       |       |     1 ||     1
  Evoke: Wand              |       |       |       |     1 |       ||     1
    Use: Scroll            |       |     8 |     5 |    17 |    13 ||    43
         Potion            |       |       |       |     1 |     4 ||     5
   Stab: Sleeping          |     1 |       |       |       |       ||     1
         Confused          |       |       |     4 |       |     1 ||     5
 Armour: Robe              |     2 |     1 |     2 |       |       ||     5
         Leather armour    |       |       |    10 |    23 |    52 ||    85
  Dodge: Dodged            |    17 |     6 |    38 |    95 |   182 ||   338
  Block: Other             |       |       |       |       |     6 ||     6
Riposte: Staff             |       |       |       |       |    14 ||    14

Table legend: (Time is in decaauts)
 A = Elapsed time spent in this place.
 B = Non-inter-level travel time spent in this place.
 C = Inter-level travel time spent in this place.
 D = Time resting spent in this place.
 E = Time spent auto-exploring this place.
 F = Levels seen in this place.
 G = Mean time per level.
                   A        B        C        D        E       F      G
               +--------+--------+--------+--------+--------+-----+--------+
         Total |  19756 |  18196 |   1560 |   4388 |   9573 |  19 | 1039.8 |
       Dungeon |  13260 |  12107 |   1153 |   2444 |   7095 |  11 | 1205.5 |
        Temple |    144 |    129 |     15 |      0 |    110 |   1 |  144.0 |
          Lair |   3740 |   3349 |    391 |    736 |   1901 |   4 |  935.0 |
        Bailey |    702 |    702 |      0 |    351 |    124 |   1 |  702.0 |
       Volcano |    507 |    507 |      0 |    165 |    143 |   1 |  507.0 |
      Gauntlet |   1399 |   1399 |      0 |    692 |    200 |   1 | 1399.0 |
               +--------+--------+--------+--------+--------+-----+--------+

Top non-repeatable levels by time:
    D:10: 1834 daAuts
     D:5: 1779 daAuts
     D:8: 1420 daAuts
Gauntlet: 1399 daAuts
     D:4: 1370 daAuts
     D:3: 1328 daAuts
     D:9: 1315 daAuts
  Lair:3: 1252 daAuts
     D:7: 1251 daAuts
  Lair:1: 1244 daAuts
  Lair:2: 1041 daAuts
     D:1: 872 daAuts
     D:6: 867 daAuts
    D:11: 726 daAuts
  Bailey: 702 daAuts
